 Dungeon Crawl Stone Soup version 0.19.5 (webtiles) character file.

292636 Peloso the Hoplite (level 19, -19/183 HPs)
             Began as a Minotaur Fighter on May 13, 2017.
             Was the Champion of Okawaru.
             Demolished by a deep elf blademaster
             ... wielding a +0 rapier
              (21 damage)
             ... on level 3 of the Elven Halls.
             The game lasted 02:18:59 (42588 turns).

Peloso the Hoplite (Minotaur Fighter)              Turns: 42588, Time: 02:19:00

Health: -19/183    AC: 46    Str: 29    XL:     19   Next: 99%
Magic:  18/19      EV: 15    Int:  7    God:    Okawaru [******]
Gold:   1527       SH: 28    Dex: 21    Spells: 0 memorised, 18 levels left

rFire  + . .     SeeInvis +     m - +8 scimitar "Miroqib" {flame, *Rage +Fly rC+}
rCold  + . .     Gourm    .     p - +12 plate armour "Keygann" {MR+ SInv}
rNeg   . . .     Faith    .     N - +0 shield {AC+3}
rPois  .         Spirit   .     O - +2 hat of Okawaru's Benevolence {rF+ MR+ Dex+3}
rElec  .         Reflect  +     H - +0 cloak {MR+}
rCorr  +         Harm     .     g - +1 pair of gloves of Hedging {Dex+5}
MR     +++++     Rnd*Rage +     a - +2 pair of boots {Stlth+}
Stlth  +.........               y - brooch of Shielding {Reflect SH+8}
                                w - ring of the Harvest {rCorr Str+3 Int+2}
                                L - ring of Propriety {MR+ Slay+4}

@: exhausted, about to teleport, heroism, slowed, very slow
A: retaliatory headbutt, horns 2, wild magic 1
a: Heroism, Finesse, Renounce Religion, Evoke Flight
}: 2/15 runes: decaying, gossamer


You were on level 3 of the Elven Halls.
You worshipped Okawaru.
Okawaru was exalted by your worship.
You were not hungry.

You visited 7 branches of the dungeon, and saw 35 of its levels.
You also visited: Bailey and Ice Cave.

You collected 3372 gold pieces.
You spent 1845 gold pieces at shops.

Inventory:

Hand Weapons
 e - a +1 double sword of slicing
 k - a +1 long sword
 m - the +8 scimitar "Miroqib" (weapon) {flame, *Rage +Fly rC+}
   (Okawaru gifted it to you on level 5 of the Lair of Beasts)

   It has been specially enchanted to burn those struck by it, causing extra
   injury to most foes and up to half again as much damage against particularly
   susceptible opponents.
   Big, fiery blades are also staple armaments of hydra-hunters.
   It protects you from cold.
   It lets you fly.
   It may make you go berserk in combat.
 z - the +9 sword of Zonguldrok {reap}
   (Okawaru gifted it to you on level 1 of the Elven Halls)

   If a monster killed with it leaves a corpse in good enough shape, the corpse
   will be animated as a zombie friendly to the killer.
Armour
 a - a +2 pair of boots of stealth (worn)
 g - the +1 pair of gloves of Hedging (worn) {Dex+5}
   (Okawaru gifted it to you on level 4 of the Spider Nest)

   It affects your dexterity (+5).
 p - the +12 plate armour "Keygann" (worn) {MR+ SInv}
   (You bought it in a shop on level 2 of the Orcish Mines)

   It affects your resistance to hostile enchantments.
   It lets you see invisible.
 B - a +1 pair of gloves
 F - a +1 cloak of poison resistance
 H - a +0 cloak of magic resistance (worn)
 N - a +0 shield of protection (worn)
 O - the +2 hat of Okawaru's Benevolence (worn) {rF+ MR+ Dex+3}
   (Okawaru gifted it to you on level 3 of the Elven Halls)

   It affects your dexterity (+3).
   It protects you from fire.
   It affects your resistance to hostile enchantments.
Jewellery
 w - the ring of the Harvest (right hand) {rCorr Str+3 Int+2}
   (You bought it in a shop on level 1 of the Orcish Mines)

   [ring of resist corrosion]

   It affects your strength (+3).
   It affects your intelligence (+2).
 y - the brooch of Shielding (around neck) {Reflect SH+8}
   (You bought it in a shop on level 1 of the Orcish Mines)

   [amulet of reflection]

   It shields you and reflects attacks.
   It affects your SH (+8).
 A - an uncursed amulet of the gourmand
 L - the ring of Propriety (left hand) {MR+ Slay+4}
   (You found it on level 15 of the Dungeon)

   [ring of protection from magic]

   It affects your accuracy and damage with ranged weapons and melee attacks
   (+4).
   It affects your resistance to hostile enchantments.
 R - an uncursed amulet of regeneration
Wands
 c - a wand of confusion (3/48)
 o - a wand of disintegration (11/24)
 r - a wand of digging (14/24)
 K - a wand of disintegration (10/24)
Scrolls
 d - a scroll of brand weapon
 h - a scroll of enchant armour
 n - a scroll of magic mapping
 u - a scroll of fear
 v - 12 scrolls of remove curse
 x - 7 scrolls of teleportation
 C - 6 scrolls of identify
 D - 4 scrolls of recharging
Potions
 b - 17 potions of curing
 s - 3 potions of might
 t - 3 potions of flight
 G - 6 potions of agility
 J - 2 potions of haste
 M - 4 potions of berserk rage
 P - a potion of invisibility
Books
 l - a book of the Tempests

   Spells                             Type                      Level
   a - Static Discharge               Conjuration/Air              3
   b - Lightning Bolt                 Conjuration/Air              5
   c - Fireball                       Conjuration/Fire             5
   d - Tornado                        Air                          9
   e - Shatter                        Earth                        9
Comestibles
 f - 12 bread rations
 i - 15 meat rations
 j - 2 chunks of flesh
 q - 12 slices of pizza
 I - 9 beef jerkies
 S - a royal jelly
 U - 12 fruits


   Skills:
 + Level 19.2(24.2) Fighting
 + Level 20.3(25.3) Long Blades
 + Level 17.3(22.3) Armour
 + Level 4.1(9.1) Dodging
 + Level 2.8(7.8) Stealth
 + Level 24.3(27) Shields
 + Level 0.8 Invocations
 + Level 1.4 Evocations


You had 18 spell levels left.
You didn't know any spells.

Dungeon Overview and Level Annotations

Branches:
Dungeon (15/15)            Temple (1/1) D:5            Lair (6/6) D:11
  Swamp (4/4) Lair:3       Spider (4/4) Lair:3        Slime (0/5) Lair:5
    Orc (2/2) D:11            Elf (3/3) Orc:2        Vaults (0/5) D:13
 Depths (0/5) D:15

Altars:
Ashenzari
Cheibriados
Elyvilon
Gozag
Kikubaaqudgha
Makhleb
Nemelex Xobeh
Okawaru
Ru
Sif Muna
Trog
Vehumet
Yredelemnul
The Shining One
Beogh

Shops:
D:10 %   D:11 [*   D:12 *   D:15 ![   Orc:1 =   Orc:2 [(%(   Elf:1 %   Elf:2 =
Elf:3 *


Innate Abilities, Weirdness & Mutations

You reflexively headbutt those who attack you in melee.
You have a pair of horns on your head.
Your spells are a little harder to cast, but a little more powerful.


Message History

You block the deep elf blademaster's attack. x2
The deep elf blademaster hits you but does no damage.
The deep elf sorcerer mumbles some strange words.
The deep elf sorcerer glows brightly for a moment.
The deep elf sorcerer hits you but does no damage.
You block the deep elf blademaster's attack. x2
The deep elf sorcerer closely misses you.
You riposte.
You slash the deep elf sorcerer! You burn the deep elf sorcerer!
Your headbutt misses the deep elf sorcerer.
The deep elf sorcerer is moderately wounded.
Okay, then.
As you read the scroll of fear, it crumbles to dust.
You assume a fearsome visage.
The deep elf sorcerer looks frightened!
The deep elf blademaster resists with almost no effort.
You block the deep elf blademaster's attack. x4
The deep elf sorcerer points at you and mumbles some strange words.
You resist with almost no effort.
The deep elf blademaster hits you but does no damage.
The deep elf blademaster hits you with a rapier!!
You die...

##.. .. #....
... #... #...
#..###....
#......... #
#........# ##
###e.....# .#
#..e@.# .#
#)##### .###
#.# .#.##
#######.#
....###.....(.#
.∩.#.#........#
##
......).......#
##.
.####..)......#
#..
####.#........#
##..


You could see a deep elf blademaster (berserk) and a deep elf sorcerer
(fleeing).

Vanquished Creatures
  Arachne (Spider:3)
  A tentacled monstrosity (Swamp:2)
  Asterion (Elf:2)
  A deep elf blademaster (Elf:2)
  A thorn hunter (Swamp:2)
  Agnes (Spider:3)
  The ghost of teko the Warrior, a journeyman MiFi of Okawaru (Spider:3)
  4 deep elf sorcerers (Elf:3)
  Louise (Elf:1)
  2 orc warlords (Orc:2)
  6 emperor scorpions
  2 ghost moths (Spider:4)
  A deep elf elementalist (Elf:3)
  4 ghouls (D:15)
  A very ugly thing (Swamp:2)
  Nessos (D:15)
  6 entropy weavers
  3 deep elf demonologists (Elf:3)
  Azrael (D:14)
  A deep elf annihilator (Elf:3)
  An ettin (Orc:2)
  2 deep elf death magi
  Josephine (Orc:1)
  A yaktaur captain (D:15)
  5 deep elf high priests (Elf:3)
  3 ice dragons (Swamp:4)
  5 hydras
  A vault guard (D:13)
  A death knight (D:15)
  2 centaur warriors (D:15)
  32 dancing weapons
  6 alligators
  A tengu warrior (D:14)
  A queen ant (Lair:5)
  10 death yaks (Lair:5)
  7 orc high priests
  The ghost of dark4128 the Spry, a journeyman SpAs of Dithmenos (Orc:1)
  Sonja (D:10)
  20 deep elf knights
  13 skeletal warriors (D:15)
  3 spriggan druids (Swamp:4)
  2 unseen horrors
  7 swamp dragons
  A shambling mangrove (Swamp:2)
  7 hill giants
  2 phantasmal warriors (D:15)
  10 deep elf archers
  5 orc knights
  59 deep elf magi
  35 slime creatures
  A shining eye (shapeshifter) (Elf:2)
  26 orb spiders
  5 ugly things
  6 cyclopes
  3 manticores
  39 wolf spiders
  8 orc sorcerers
  14 elephants
  7 centaur zombies
  7 moths of wrath
  3 black mambas (Lair:4)
  2 torpor snails
  Maurice (D:8)
  2 ice statues (IceCv)
  27 spiny frogs
  7 freezing wraiths
  20 demonic crawlers
  8 komodo dragons
  A rime drake (Lair:5)
  2 kobold demonologists
  3 redback zombies
  4 yaktaurs (D:15)
  3 efreet
  11 ice devils (IceCv)
  A harpy zombie (D:15)
  2 guardian mummies (D:15)
  3 two-headed ogres
  3 polar bears (Lair:6)
  33 jumping spiders
  10 trolls
  A blink frog (shapeshifter) (Elf:1)
  22 hornets
  Grinder (D:3)
  8 tyrant leeches
  8 bog bodies
  A raiju (shapeshifter) (D:14)
  6 dream sheep (Lair:5)
  7 hippogriffs
  A meliai zombie (D:13)
  21 blink frogs
  91 redbacks
  6 wraiths
  4 shadows
  44 tarantellas
  8 wyverns
  20 spriggans
  6 water elementals
  6 air elementals
  5 fire elementals
  3 swamp worm simulacra (Swamp:4)
  A basilisk (D:14)
  20 yaks
  A human (D:7)
  A golden eye (shapeshifter) (Elf:3)
  2 steam dragons
  4 hogs (D:7)
  2 hungry ghosts
  18 vampire mosquitoes
  A mottled dragon (D:13)
  2 insubstantial wisps (Lair:3)
  2 wargs
  16 hydra simulacra (Swamp:4)
  6 soldier ants
  12 water moccasins
  17 swamp worms
  Duvessa (D:6)
  3 hell hounds (D:14)
  6 porcupines
  5 hornet zombies
  7 swamp drakes
  62 orc warriors
  3 ice beasts
  2 eyes of draining
  4 black bears
  3 phantoms
  4 sky beasts
  13 ogres
  3 boggarts (Lair:6)
  18 centaurs
  31 wolves
  14 crocodiles
  16 big kobolds
  14 bullfrogs
  3 wyvern zombies
  4 scorpions
  Dowan (D:6)
  12 killer bees
  3 wights (D:9)
  8 electric eels
  4 howler monkeys
  4 crimson imps
  3 bullfrog zombies
  The ghost of McKennaii the Firebug, a weakling DEFE (D:3)
  5 hounds
  5 jellies
  Crazy Yiuf (D:6)
  29 orc priests
  Ijyb (D:2)
  6 centaur skeletons
  3 bullfrog skeletons
  2 iguanas (D:11)
  16 orc wizards
  35 worker ants
  2 hound zombies
  2 mummies (D:15)
  2 howler monkey zombies (D:5)
  7 gnolls
  8 adders
  3 shadow imps
  6 white imps
  9 ufetubi (IceCv)
  2 oozes
  5 swamp drake simulacra (Swamp:4)
  2 adder zombies
  A worm (D:2)
  3 dart slugs
  6 leopard geckos
  145 orcs
  3 ball pythons
  3 giant cockroaches
  5 goblins
  6 hobgoblins
  4 jackals
  23 kobolds
  8 quokkas
  9 bats
  5 frilled lizards
  A quokka zombie (D:5)
  10 rats
  3 briar patches (Swamp:2)
  2 plants
1561 creatures vanquished.

Vanquished Creatures (others)
  A deep elf master archer (Elf:3)
  An azure jelly (Swamp:4)
  A reaper (IceCv)
  A deep elf annihilator (Elf:3)
  An unseen horror (shapeshifter) (Elf:3)
  3 deep elf archers
  2 deep elf magi
  6 slime creatures (Swamp:4)
  A bog body (Swamp:4)
  A hippogriff (Lair:4)
  A redback (Spider:4)
  An orc priest (Orc:2)
  3 white imps (IceCv)
  2 ufetubi (IceCv)
  An orc (Elf:3)
  A briar patch (Swamp:2)
  8 fungi
  4 plants
  A withered plant (D:15)
40 creatures vanquished.

Grand Total: 1601 creatures vanquished

Notes
Turn   | Place    | Note
-------+----------+-------------------------------------------
     0 | D:1      | Peloso the Minotaur Fighter began the quest for the Orb.
     0 | D:1      | Reached XP level 1. HP: 19/19 MP: 0/0
   443 | D:1      | Reached XP level 2. HP: 27/27 MP: 1/1
   768 | D:2      | Reached skill level 4 in Shields
   887 | D:2      | Found a sparkling altar of Nemelex Xobeh.
   964 | D:2      | Reached XP level 3. HP: 33/33 MP: 2/2
  1195 | D:2      | Noticed Ijyb
  1201 | D:2      | Killed Ijyb
  1210 | D:2      | Reached XP level 4. HP: 40/40 MP: 3/3
  1659 | D:3      | Noticed McKennaii's ghost (weakling DEFE)
  1670 | D:3      | Killed McKennaii's ghost
  1670 | D:3      | Reached XP level 5. HP: 47/47 MP: 4/4
  1974 | D:3      | Noticed Grinder
  1992 | D:3      | Paralysed by Grinder for 3 turns
  1996 | D:3      | Killed Grinder
  1996 | D:3      | Reached skill level 5 in Long Blades
  1996 | D:3      | Reached skill level 5 in Armour
  1996 | D:3      | Reached skill level 1 in Dodging
  1996 | D:3      | Reached skill level 5 in Shields
  1996 | D:3      | Reached XP level 6. HP: 51/53 MP: 5/5
  2120 | D:4      | Got a pair of shimmering gloves
  2126 | D:4      | Identified the +0 pair of gloves of the Gate {*Corrode +Inv rC+ Dex+4} (You found it on level 4 of the Dungeon)
  2442 | D:4      | Reached XP level 7. HP: 53/60 MP: 6/6
  2721 | D:5      | Entered Level 5 of the Dungeon
  2736 | D:5      | Found a staircase to the Ecumenical Temple.
  2751 | Temple   | Entered the Ecumenical Temple
  2784 | Temple   | Became a worshipper of Warmaster Okawaru
  2945 | D:5      | Reached skill level 5 in Fighting
  2945 | D:5      | Reached skill level 6 in Shields
  3604 | D:6      | Reached XP level 8. HP: 68/68 MP: 7/7
  3782 | D:6      | Noticed Dowan
  3791 | D:6      | Killed Dowan
  3792 | D:6      | Noticed Duvessa
  3808 | D:6      | Killed Duvessa
  4195 | D:6      | Reached * piety under Okawaru
  4195 | D:6      | Reached skill level 7 in Shields
  4522 | D:6      | Found a runed door.
  4742 | D:6      | Got a warped mace
  4743 | D:6      | Identified the cursed +0 mace "Taup" {freeze, MR+} (You found it on level 6 of the Dungeon)
  4749 | D:6      | Noticed Crazy Yiuf
  4754 | D:6      | Killed Crazy Yiuf
  5067 | D:7      | Reached ** piety under Okawaru
  5069 | D:7      | Reached XP level 9. HP: 63/75 MP: 8/8
  5169 | D:7      | Reached skill level 10 in Long Blades
  5169 | D:7      | Reached skill level 1 in Stealth
  5350 | D:7      | Reached skill level 8 in Shields
  5704 | D:8      | Reached *** piety under Okawaru
  5938 | D:8      | Noticed Maurice
  5954 | D:8      | Killed Maurice
  6203 | D:8      | Reached XP level 10. HP: 78/86 MP: 9/9
  6291 | D:8      | Reached **** piety under Okawaru
  6334 | D:8      | Reached skill level 9 in Shields
  6782 | D:9      | Found a snail-covered altar of Cheibriados.
  6886 | D:9      | Reached ***** piety under Okawaru
  7408 | D:10     | Entered Level 10 of the Dungeon
  7425 | D:10     | Found Topicho's Food Emporium.
  7477 | D:10     | Noticed Sonja
  7491 | D:10     | Killed Sonja
  7491 | D:10     | Reached skill level 10 in Shields
  7857 | D:10     | Reached XP level 11. HP: 76/95 MP: 10/10
  8642 | D:10     | Killed an unseen horror
  8961 | D:11     | Found a staircase to the Lair.
  9055 | D:11     | Found Fesezerr's General Store.
  9110 | D:11     | Noticed a brown ugly thing
  9121 | D:11     | Killed a brown ugly thing
  9156 | D:11     | Found Idiruwet's Armour Shoppe.
  9259 | D:11     | Received a gift from Okawaru
  9390 | D:11     | Found a staircase to the Orcish Mines.
  9449 | D:11     | Noticed a deep elf mage
  9459 | D:11     | Killed a deep elf mage
  9600 | Lair:1   | Entered Level 1 of the Lair of Beasts
  9700 | Lair:1   | Found a frozen archway.
  9707 | IceCv    | Entered an ice cave
  9806 | IceCv    | Reached skill level 11 in Shields
  9919 | IceCv    | Killed a reaper
  9944 | IceCv    | Received a gift from Okawaru
  9947 | IceCv    | Got a crude great sword {god gift}
  9952 | IceCv    | Got a bloodstained hat
  9970 | IceCv    | Identified the -2 hat of Grot {rPois rCorr Slay-3} (You found it in an ice cave)
 10191 | IceCv    | Reached skill level 10 in Armour
 10199 | IceCv    | Reached ****** piety under Okawaru
 10546 | IceCv    | Reached skill level 10 in Fighting
 10724 | IceCv    | Got an encrusted demon blade
 10725 | IceCv    | Identified the +6 demon blade of Popular Demand {vamp, rN+} (You found it in an ice cave)
 11090 | Lair:1   | Reached XP level 12. HP: 106/106 MP: 11/11
 11112 | Lair:1   | You fall through a shaft!
 11118 | Lair:2   | Received a gift from Okawaru
 12197 | Lair:3   | Reached skill level 12 in Shields
 12257 | Lair:3   | Found a hole to the Spider Nest.
 12573 | Lair:3   | Reached skill level 15 in Long Blades
 13013 | Lair:3   | Found a staircase to the Swamp.
 13452 | Lair:3   | Reached skill level 13 in Shields
 13595 | Lair:4   | Received a gift from Okawaru
 13625 | Lair:4   | Got an encrusted cloak {god gift}
 13637 | Lair:4   | Identified the +0 cloak of the Imp {Slay+3} (Okawaru gifted it to you on level 4 of the Lair of Beasts)
 13799 | Lair:1   | Identified the +7 great sword of Riufajy {pain, *Drain +Fly rPois rN++} (Okawaru gifted it to you in an ice cave)
 13949 | Lair:4   | Reached XP level 13. HP: 110/117 MP: 12/12
 14604 | Lair:5   | Noticed an entropy weaver
 14609 | Lair:5   | Noticed an entropy weaver
 14618 | Lair:5   | HP: 1/118 [entropy weaver (9)]
 15029 | Lair:4   | Killed an entropy weaver
 15076 | Lair:5   | Killed an entropy weaver
 15364 | Lair:5   | Reached skill level 14 in Shields
 15458 | Lair:5   | Received a gift from Okawaru
 15468 | Lair:5   | Got a pitted scimitar {god gift}
 15469 | Lair:5   | Identified the +8 scimitar "Miroqib" {flame, *Rage +Fly rC+} (Okawaru gifted it to you on level 5 of the Lair of Beasts)
 15736 | Lair:5   | Found a staircase to the Slime Pits.
 16035 | Lair:5   | Received a gift from Okawaru
 16316 | Lair:6   | Entered Level 6 of the Lair of Beasts
 16496 | Lair:6   | Reached XP level 14. HP: 129/129 MP: 13/13
 16552 | Lair:6   | Paralysed by a hornet for 3 turns
 16578 | Lair:6   | Reached skill level 15 in Shields
 17479 | Lair:6   | Received a gift from Okawaru
 17625 | Lair:6   | Identified a scroll of acquirement
 18065 | D:12     | Found a white marble altar of Elyvilon.
 18270 | D:12     | Found Uterchukk's Assorted Antiques.
 18564 | D:13     | Found a flagged portal.
 18600 | Bailey   | Entered a bailey
 19532 | D:13     | Reached skill level 16 in Shields
 19768 | D:13     | Found a gate to the Vaults.
 20240 | D:14     | Got a pitted great sword
 20247 | D:14     | Identified the +4 great sword of Accidental Termination {protect, rF+} (You found it on level 14 of the Dungeon)
 20442 | D:14     | Noticed Azrael
 20456 | D:14     | Killed Azrael
 21123 | D:14     | Reached XP level 15. HP: 129/138 MP: 14/14
 21171 | D:15     | Entered Level 15 of the Dungeon
 21191 | D:15     | Received a gift from Okawaru
 22224 | D:15     | Reached skill level 17 in Shields
 22297 | D:15     | Found Gemej's Armour Shoppe.
 22319 | D:15     | Got a coiled bronze ring
 22321 | D:15     | Identified the ring of Propriety {MR+ Slay+4} (You found it on level 15 of the Dungeon)
 22355 | D:15     | Received a gift from Okawaru
 22393 | D:15     | Noticed Nessos
 22417 | D:15     | Killed Nessos
 22504 | D:15     | Reached skill level 15 in Fighting
 22535 | D:15     | HP: 5/141 [yaktaur/bolt (19)]
 22548 | D:15     | HP: 7/141 [skeletal warrior/enchanted flail (6)]
 22559 | D:15     | HP: 4/141 [ghoul (10)]
 23739 | D:15     | Found a staircase to the Depths.
 23780 | D:15     | Found Hucvot's Distillery.
 23788 | D:15     | Bought a potion of might for 64 gold pieces
 23788 | D:15     | Bought a potion of heal wounds for 80 gold pieces
 24293 | Spider:1 | Entered Level 1 of the Spider Nest
 24726 | Spider:1 | Reached skill level 15 in Armour
 25032 | Spider:1 | Received a gift from Okawaru
 25034 | Spider:1 | Reached XP level 16. HP: 139/149 MP: 15/15
 25114 | Spider:1 | Reached skill level 18 in Shields
 26353 | Spider:2 | Received a gift from Okawaru
 26873 | Orc:1    | Entered Level 1 of the Orcish Mines
 26887 | Orc:1    | Noticed dark4128's ghost (journeyman SpAs)
 26899 | Orc:1    | Killed dark4128's ghost
 27070 | Orc:2    | Entered Level 2 of the Orcish Mines
 27515 | Orc:2    | Reached skill level 19 in Shields
 27586 | Orc:1    | Noticed Josephine
 27905 | Orc:1    | Killed Josephine
 27918 | Orc:1    | Found Lyujic's Jewellery Emporium.
 27928 | Orc:1    | Bought the ring of the Harvest {rCorr Str+3 Int+2} for 525 gold pieces
 28045 | Orc:1    | Bought the brooch of Shielding {Reflect SH+8} for 448 gold pieces
 28094 | Orc:2    | Found a roughly hewn altar of Beogh.
 28314 | Orc:2    | Received a gift from Okawaru
 28319 | Orc:2    | Got an encrusted scimitar {god gift}
 28322 | Orc:2    | Identified the +2 scimitar "Mitt" {freeze, MR++} (Okawaru gifted it to you on level 2 of the Orcish Mines)
 28364 | Orc:2    | Found a roughly hewn altar of Beogh.
 28382 | Orc:2    | Found Usmechag's Antique Armour Shop.
 28577 | Orc:2    | Found Zeugh's Weapon Shoppe.
 28795 | Orc:2    | Found Aquwkax's Weapon Boutique.
 28809 | Orc:2    | Found Keru's Food Shop.
 29104 | Orc:2    | Found a staircase to the Elven Halls.
 29340 | Orc:2    | Bought a dazzling plate armour for 728 gold pieces
 29350 | Orc:2    | Identified the +12 plate armour "Keygann" {MR+ SInv} (You bought it in a shop on level 2 of the Orcish Mines)
 29809 | Spider:3 | Noticed Agnes
 29816 | Spider:3 | Killed Agnes
 29816 | Spider:3 | Received a gift from Okawaru
 29821 | Spider:3 | Noticed Arachne
 29830 | Spider:3 | Killed Arachne
 29830 | Spider:3 | Reached XP level 17. HP: 160/160 MP: 16/16
 29843 | Spider:3 | Got a faintly humming chain mail {god gift}
 29854 | Spider:3 | Identified the +0 chain mail of This Worked Last Time {-Cast rN+++ MR+++ Int-4} (Okawaru gifted it to you on level 3 of the Spider Nest)
 30213 | Spider:3 | Noticed teko's ghost (journeyman MiFi)
 30222 | Spider:3 | Killed teko's ghost
 30352 | Spider:3 | HP: 3/160 [wolf spider (22)]
 30359 | Spider:3 | HP: 12/240 [jumping spider (3)]
 30798 | Spider:3 | Reached skill level 20 in Shields
 31100 | Spider:4 | Entered Level 4 of the Spider Nest
 31502 | Spider:4 | Got a shimmering plate armour
 31580 | Spider:4 | Received a gift from Okawaru
 32355 | Spider:4 | Got a faintly glowing shortbow {god gift}
 32458 | Spider:4 | Reached skill level 21 in Shields
 32544 | Spider:4 | Received a gift from Okawaru
 32549 | Spider:4 | Got a pair of fine gloves {god gift}
 32573 | Spider:4 | Identified the +1 pair of gloves of Hedging {Dex+5} (Okawaru gifted it to you on level 4 of the Spider Nest)
 32788 | Spider:4 | Got a gossamer rune of Zot
 33283 | Lair:1   | Identified the cursed +1 plate armour of the Doldrums {rC+ MR++ Regen+} (You found it on level 4 of the Spider Nest)
 33413 | Swamp:1  | Entered Level 1 of the Swamp
 33418 | Swamp:1  | Reached XP level 18. HP: 164/170 MP: 17/17
 34333 | Swamp:2  | Noticed a tentacled monstrosity
 34348 | Swamp:2  | Killed a tentacled monstrosity
 34625 | Swamp:2  | Received a gift from Okawaru
 35096 | Swamp:3  | Reached skill level 22 in Shields
 35560 | Swamp:4  | Entered Level 4 of the Swamp
 36909 | Swamp:4  | Got a decaying rune of Zot
 37657 | Elf:1    | Entered Level 1 of the Elven Halls
 37961 | Elf:1    | Received a gift from Okawaru
 38535 | Elf:1    | Found Acusaen's Food Shoppe.
 38560 | Elf:1    | Noticed Louise
 38570 | Elf:1    | Killed Louise
 38570 | Elf:1    | Reached XP level 19. HP: 178/180 MP: 18/18
 38657 | Elf:1    | Reached skill level 23 in Shields
 39000 | Elf:1    | Reached skill level 1 in Evocations
 39065 | Elf:1    | Received a gift from Okawaru
 39126 | Elf:2    | Found Ilat's Jewellery Emporium.
 39173 | Elf:2    | Noticed Asterion
 39201 | Elf:2    | Killed Asterion
 39457 | Elf:2    | Found a runed gate.
 39457 | Elf:2    | Found a runed gate.
 39789 | Elf:2    | Found a runed gate.
 40995 | Elf:3    | Entered Level 3 of the Elven Halls
 40995 | Elf:3    | Found Meant's General Store.
 40999 | Elf:3    | Received a gift from Okawaru
 41006 | Elf:3    | Got a distressingly furry hat {god gift}
 41017 | Elf:3    | Identified the +2 hat of Okawaru's Benevolence {rF+ MR+ Dex+3} (Okawaru gifted it to you on level 3 of the Elven Halls)
 41357 | Elf:3    | Reached skill level 24 in Shields
 41374 | Elf:3    | Noticed a Tzitzimitl
 41398 | Elf:3    | HP: 8/182 [orc high priest/divine providence (15)]
 41402 | Elf:3    | Gained mutation: Your spells are a little harder to cast, but a little more powerful. [a cacodemon]
 42080 | Elf:3    | Noticed a Brimstone Fiend
 42587 | Elf:3    | HP: 2/183 [deep elf blademaster/rapier (19)]
 42588 | Elf:3    | Demolished by a deep elf blademaster

Skill      XL: |  1  2  3  4  5  6  7  8  9 10 11 12 13 14 15 16 17 18 19 |
---------------+----------------------------------------------------------+-----
Armour         | 4 5 6 7 8 10 11 13 14 15 16 17 | 17.3
Fighting       | 4 5 6 7 8 10 11 13 14 15 16 17 18 19 | 19.2
Shields        | 4 5 6 7 8 10 11 13 14 16 17 19 21 22 24 | 24.3
Long Blades    | 3 4 5 6 7 9 11 13 14 15 16 17 18 19 20 | 20.3
Dodging        | 1 2 3 4 |  4.1
Stealth        | 1 2 |  2.8
Evocations     | 1 |  1.4
Invocations    | |  0.8

Action                   |  1- 3 |  4- 6 |  7- 9 | 10-12 | 13-15 | 16-18 | 19-21 || total
-------------------------+-------+-------+-------+-------+-------+-------+-------++-------
Melee: Long sword        |    75 |   129 |   337 |   130 |       |       |       ||   671
       Headbutt          |    15 |    21 |    95 |   198 |   357 |   510 |   117 ||  1313
       Scimitar          |       |       |       |   573 |  1167 |  1576 |   300 ||  3616
       Double sword      |       |       |       |       |       |       |    78 ||    78
Invok: Heroism           |       |       |     1 |     2 |     2 |       |     2 ||     7
 Abil: Evoke Flight      |       |       |       |       |       |       |     2 ||     2
Evoke: Wand              |       |       |       |     2 |     6 |       |       ||     8
  Use: Potion            |       |     1 |       |       |     6 |     3 |     4 ||    14
       Scroll            |       |    10 |     3 |    12 |    16 |     7 |     6 ||    54
 Stab: Invisible         |       |       |     1 |       |       |       |       ||     1
       Paralysed         |       |       |       |       |     1 |       |       ||     1
       Sleeping          |       |       |       |       |       |     1 |       ||     1
  Eat: Chunk             |       |     5 |    12 |    17 |    32 |    45 |    16 ||   127
       Fruit             |       |       |     1 |     8 |     6 |     4 |       ||    19
       Royal jelly       |       |       |       |     2 |       |       |       ||     2
Armor: Scale mail        |    27 |       |       |       |       |       |       ||    27
       Chain mail        |    17 |    70 |   125 |    89 |       |       |       ||   301
       Plate armour      |       |       |       |   121 |       |   525 |   145 ||   791
       Crystal plate arm |       |       |       |   174 |   584 |   280 |       ||  1038
Dodge: Dodged            |    16 |    35 |    71 |   172 |   244 |   469 |    85 ||  1092
Block: Shield            |    42 |    81 |   142 |   422 |   857 |  1860 |   421 ||  3825
       Reflection        |       |       |       |       |       |    20 |    35 ||    55
       Rpst.: Long sword |     5 |    10 |    29 |     9 |       |       |       ||    53
       Scimitar          |       |       |       |    40 |    48 |    81 |    13 ||   182
       Double sword      |       |       |       |       |       |       |     3 ||     3
